 Dungeon Crawl Stone Soup version 0.19.1-1-g22dce08 (webtiles) character file.

644 theAP the Destroyer (level 7, -6/36 HPs)
             Began as a Deep Elf Conjurer on Jan 7, 2017.
             Mangled by Pikel
             ... wielding a +0 whip of freezing
              (7 damage)
             ... on level 4 of the Dungeon.
             The game lasted 00:17:56 (4399 turns).

theAP the Destroyer (Deep Elf Conjurer)             Turns: 4399, Time: 00:17:57

Health: -6/36      AC:  4    Str:  9    XL:     7   Next: 27%
Magic:  4/18       EV: 13    Int: 22    God:
Gold:   143        SH:  0    Dex: 15    Spells: 3 memorised, 11 levels left

rFire  . . .     SeeInvis .     (no weapon)
rCold  + + .     Gourm    .     a - +0 robe
rNeg   . . .     Faith    .     (no shield)
rPois  .         Spirit   .     t - -1 helmet "Rouqysa" {*Drain rC+ rCorr Str+4}
rElec  .         Reflect  .     (no cloak)
rCorr  +         Harm     .     g - +1 pair of gloves
MR     .....                    (no boots)
Stlth  ++........               (no amulet)
                                n - ring of protection from cold
                                l - ring of resist corrosion

@: no status effects
A: no striking features
a: no special abilities


You were on level 4 of the Dungeon.
You were near starving.

You visited 1 branch of the dungeon, and saw 5 of its levels.

You collected 143 gold pieces.

Inventory:

Armour
 a - a +0 robe (worn)
 g - a +1 pair of gloves (worn)
 t - the -1 helmet "Rouqysa" (worn) {*Drain rC+ rCorr Str+4}
   (You took it off Robin on level 2 of the Dungeon)

   It affects your strength (+4).
   It protects you from cold.
   It protects you from acid and corrosion.
   It causes draining when unequipped.
Jewellery
 l - a ring of resist corrosion (left hand)
 n - a ring of protection from cold (right hand)
Wands
 f - a wand of disintegration (18/24)
 j - a wand of flame (26/48)
 w - a wand of acid (7/15)
Scrolls
 d - a scroll of remove curse
 i - a scroll of recharging
 p - 2 scrolls of amnesia
 u - a scroll of teleportation
 v - a scroll of fear
Potions
 e - 2 potions of flight
 k - a potion of cure mutation
 q - a potion of brilliance
 r - 3 potions of lignification
Books
 b - a book of Conjurations

   Spells                             Type                      Level
   a - Magic Dart                     Conjuration                  1
   b - Searing Ray                    Conjuration                  2
   c - Dazzling Spray                 Conjuration/Hexes            3
   d - Fulminant Prism                Conjuration/Hexes            4
   e - Iskenderun's Mystic Blast      Conjuration                  4
   f - Iskenderun's Battlesphere      Conjuration/Charms           5
Comestibles
 c - 4 bread rations
 h - 2 meat rations
 m - 4 fruits
 o - a beef jerky


   Skills:
 - Level 2.4 Dodging
 - Level 2.5 Stealth
 + Level 6.3 Spellcasting
 * Level 8.5 Conjurations


You had 11 spell levels left.
You knew the following spells:

 Your Spells              Type           Power        Failure   Level  Hunger
a - Magic Dart            Conj           ####         1%          1    None
b - Searing Ray           Conj           #####.       1%          2    None
c - Iskenderun's Mystic   Conj           #####...     2%          4    ###....


Dungeon Overview and Level Annotations

Branches:
Dungeon (5/15)
 Temple: D:4-7

Altars:
Cheibriados
Fedhas
Okawaru

Shops:
D:4 :

Annotations:
D:4 Pikel


Message History

Pikel misses you.
Casting: Iskenderun's Mystic Blast
Confirm with . or Enter, or press ? or * to list all spells.
You don't have enough magic to cast that spell.
Pikel hits you but does no damage. Pikel hits you but does no damage.
Pikel hits you with a whip of freezing.
Casting: Iskenderun's Mystic Blast
Confirm with . or Enter, or press ? or * to list all spells.
You don't have enough magic to cast that spell.
Pikel closely misses you. Pikel hits you with a whip of freezing!
* * * LOW HITPOINT WARNING * * *
Pikel freezes you.
* * * LOW HITPOINT WARNING * * *
Okay, then.
Pikel hits you with a whip of freezing.
* * * LOW HITPOINT WARNING * * *
Pikel hits you with a whip of freezing!
You die...

#.#####.#....# #.#####.#
#.#...#.#....# ####.# #.##
#.#.#.#.#....# #....### #..#
#.#..........# #.##...# ##.#
#.#...#......####.#....####.#
#.#...#......#......_(......#
#>.............###....#.##..#
#####...#..####### #...##.##..# ♣
#..............K@# ###....##K.# ♣
##.####.########## #.#####..# ♣
#.#..........# ######.#####).# ♣
#.#.#........###.#..........)#
#.#.#..........#.#........)..#
#.#.#........#.#.####........#
#........>...#.#.#..+........#
####.##.#####.#.#.#.##.....######
...#.#..# #.#.#.#.....#........


You could see Pikel.

Vanquished Creatures
  Edmund (D:4)
  The ghost of sveltemanboy the Caller, an amateur TeSu (D:3)
  3 slaves (D:5)
  A howler monkey (D:4)
  A crimson imp (D:3)
  4 orc priests
  A hound (D:4)
  2 worker ants
  Robin (D:2)
  2 adders (D:2)
  An ooze (D:3)
  3 worms
  4 dart slugs
  11 orcs
  2 ball pythons
  5 giant cockroaches
  16 goblins
  8 hobgoblins
  11 kobolds
  2 quokkas (D:2)
  8 bats
  5 frilled lizards
  6 rats
99 creatures vanquished.

Notes
Turn   | Place    | Note
-------+----------+-------------------------------------------
     0 | D:1      | theAP the Deep Elf Conjurer began the quest for the Orb.
     0 | D:1      | Reached XP level 1. HP: 10/10 MP: 6/6
   157 | D:1      | Reached XP level 2. HP: 15/15 MP: 5/8
   313 | D:1      | Reached skill level 5 in Conjurations
   824 | D:2      | Reached XP level 3. HP: 19/19 MP: 7/9
   866 | D:2      | Found a faded altar of an unknown god.
   927 | D:2      | Noticed Robin
  1050 | D:2      | Killed Robin
  1054 | D:2      | Got a jewelled helmet
  1060 | D:2      | Identified the cursed -1 helmet "Rouqysa" {*Drain rC+ rCorr Str+4} (You took it off Robin on level 2 of the Dungeon)
  1157 | D:2      | Learned a level 2 spell: Searing Ray
  1165 | D:2      | Reached XP level 4. HP: 24/24 MP: 6/11
  1508 | D:2      | Reached skill level 6 in Conjurations
  1771 | D:3      | Reached XP level 5. HP: 27/28 MP: 3/13
  1973 | D:3      | Found a faded altar of an unknown god.
  1973 | D:3      | Found a faded altar of an unknown god.
  2299 | D:3      | Noticed sveltemanboy's ghost (amateur TeSu)
  2307 | D:3      | Killed sveltemanboy's ghost
  2307 | D:3      | Reached skill level 5 in Spellcasting
  2307 | D:3      | Reached skill level 7 in Conjurations
  2307 | D:3      | Reached XP level 6. HP: 32/32 MP: 7/15
  2604 | D:3      | Found a faded altar of an unknown god.
  2606 | D:3      | Found a faded altar of an unknown god.
  2607 | D:3      | Found an iron altar of Okawaru.
  3188 | D:4      | Learned a level 4 spell: Iskenderun's Mystic Blast
  3334 | D:4      | Found Cebusis's Book Boutique.
  3365 | D:4      | Noticed Edmund
  3395 | D:4      | Killed Edmund
  3395 | D:4      | Reached skill level 8 in Conjurations
  3630 | D:4      | Reached XP level 7. HP: 36/36 MP: 13/18
  3984 | D:4      | Found a blossoming altar of Fedhas.
  4070 | D:4      | Found a snail-covered altar of Cheibriados.
  4278 | D:5      | Entered Level 5 of the Dungeon
  4299 | D:5      | Noticed Pikel
  4398 | D:4      | HP: 1/36 [Pikel/whip of freezing (4)]
  4399 | D:4      | Mangled by Pikel

Skill      XL: |  1  2  3  4  5  6 |
---------------+-------------------+-----
Conjurations   | 5 6 7 8 |  8.5
Spellcasting   | 4 5 6 |  6.3
Dodging        | |  2.4
Stealth        | |  2.5

Action                   |  1- 3 |  4- 6 |  7- 9 || total
-------------------------+-------+-------+-------++-------
Melee: Unarmed           |       |     3 |     5 ||     8
 Cast: Magic Dart        |    72 |    87 |    17 ||   176
       Searing Ray       |       |     8 |     1 ||     9
       Iskenderun's Myst |       |     6 |    17 ||    23
  Use: Scroll            |       |    12 |       ||    12
       Potion            |       |     1 |     2 ||     3
  Eat: Chunk             |     1 |     5 |     4 ||    10
       Beef jerky        |       |     1 |       ||     1
Armor: Robe              |     4 |     2 |     6 ||    12
Dodge: Dodged            |     9 |    26 |    14 ||    49
